MLB
OAKLAND ATHLETICS @ CALIFORNIA ANGELS
06/11/2044
 
TOP OF THE 1ST
Oakland Athletics batting - Pitching for California Angels : RHP Angel Marquez
Pitching: RHP Angel Marquez
Batting: RHB Muneo Kawachi 0-0: SINGLE (Flyball, 8LS, EV 85.0 MPH)
Batting: SHB Ryan Langlois 0-0: Ball
1-0: Ball
2-0: Ball
3-0: Base on Balls
Muneo Kawachi to second
Batting: LHB Nate Dean 0-0: Ball
1-0: Called Strike
1-1: Fly out, F8 (Flyball, 78XD, EV 92.5 MPH)
Runner from 2nd tags up, SAFE at 3rd, no throw by CF
Batting: LHB Sakae Kasahara 0-0: Ball
1-0: Foul Ball, location: 2F
1-1: Grounds into double play, 4-6-3 (Groundball, 4MD, EV 112.5 MPH)
Top of the 1st over - 0 runs, 1 hit, 0 errors, 1 left on base; Oakland 0 - California 0
BOTTOM OF THE 1ST
California Angels batting - Pitching for Oakland Athletics : RHP Mike Torres
Pitching: RHP Mike Torres
Batting: LHB Javier Trujillo 0-0: Called Strike
0-1: Foul Ball, location: 2F
0-2: Strikes out looking
Batting: RHB Alain Delhaye 0-0: Ball
1-0: Foul Ball, location: 2F
1-1: Ball
2-1: Called Strike
2-2: Strikes out swinging
Batting: LHB Josh Cook 0-0: SINGLE (Flyball, 8RS, EV 91.3 MPH)
Batting: RHB Preston Deakyne 0-0: Ball
1-0: Ball
2-0: Ball
3-0: Called Strike
3-1: Called Strike
3-2: Strikes out swinging
Bottom of the 1st over - 0 runs, 1 hit, 0 errors, 1 left on base; Oakland 0 - California 0
TOP OF THE 2ND
Oakland Athletics batting - Pitching for California Angels : RHP Angel Marquez
Batting: LHB George Leary 0-0: Called Strike
0-1: Swinging Strike
0-2: Ground out 4-3 (Groundball, 4, EV 84.4 MPH)
Batting: RHB Philip Jansen 0-0: Ball
1-0: Ball
2-0: Ground out 6-3 (Groundball, 6, EV 81.3 MPH)
Batting: RHB Justin McQuarter 0-0: Called Strike
0-1: Foul Ball, location: 2F
0-2: Foul Ball, location: 2F
0-2: Hit by Pitch
Batting: RHB Danny Murillo 0-0: Ball
1-0: Fly out, F7 (Flyball, 7LM, EV 81.3 MPH)
Top of the 2nd over - 0 runs, 0 hits, 0 errors, 1 left on base; Oakland 0 - California 0
BOTTOM OF THE 2ND
California Angels batting - Pitching for Oakland Athletics : RHP Mike Torres
Batting: LHB Micah Miller 0-0: Ball
1-0: Called Strike
1-1: Ball
2-1: Ball
3-1: Base on Balls
Batting: RHB Dietmar Warmisch 0-0: Called Strike
0-1: Ball
Micah Miller is caught stealing 2nd base 2-4
1-1: Ball
2-1: Swinging Strike
2-2: Foul Ball, location: 2F
2-2: Ground out 5-3 (Groundball, 5L, EV 90.0 MPH)
Batting: LHB Jack Bell 0-0: Ball
1-0: Ball
2-0: Ball
3-0: Base on Balls
Batting: RHB Nick Dunn 0-0: Ball
Jack Bell steals 2nd base
1-0: Ball
2-0: Ball
3-0: Base on Balls
Batting: RHB Gael Jones 0-0: Ball
1-0: Ball
2-0: Ball
3-0: Base on Balls
Jack Bell to third
Nick Dunn to second
Batting: LHB Javier Trujillo 0-0: Foul Ball, location: 2F
0-1: Ball
1-1: Called Strike
1-2: Ball
2-2: Fielders Choice at 2nd, 6-4 (Groundball, 6, EV 93.8 MPH)
Bottom of the 2nd over - 0 runs, 0 hits, 0 errors, 3 left on base; Oakland 0 - California 0
TOP OF THE 3RD
Oakland Athletics batting - Pitching for California Angels : RHP Angel Marquez
Batting: SHB Todd Hewitt 0-0: Foul Ball, location: 2F
0-1: Ball
1-1: Foul Ball, location: 2F
1-2: Strikes out looking
Batting: RHB Muneo Kawachi 0-0: Swinging Strike
0-1: Ball
1-1: Ball
2-1: Fly out, F3 (Popup, 3SF, EV 72.5 MPH)
Batting: SHB Ryan Langlois 0-0: Swinging Strike
0-1: Foul Ball, location: 2F
0-2: Ball
1-2: Ball
2-2: Strikes out swinging
Top of the 3rd over - 0 runs, 0 hits, 0 errors, 0 left on base; Oakland 0 - California 0
BOTTOM OF THE 3RD
California Angels batting - Pitching for Oakland Athletics : RHP Mike Torres
Batting: RHB Alain Delhaye 0-0: Ball
1-0: Ball
2-0: Called Strike
2-1: Ball
3-1: Foul Ball, location: 2F
3-2: Base on Balls
Batting: LHB Josh Cook 0-0: Ball
1-0: Called Strike
1-1: Ball
2-1: Grounds into double play, 5-4-3 (Groundball, 5, EV 83.1 MPH)
Batting: RHB Preston Deakyne 0-0: Called Strike
0-1: Ground out U3 (Groundball, 34, EV 99.4 MPH)
Bottom of the 3rd over - 0 runs, 0 hits, 0 errors, 0 left on base; Oakland 0 - California 0
TOP OF THE 4TH
Oakland Athletics batting - Pitching for California Angels : RHP Angel Marquez
Batting: LHB Nate Dean 0-0: SINGLE (Line Drive, 9S, EV 101.9 MPH)
Batting: LHB Sakae Kasahara 0-0: Called Strike
0-1: Swinging Strike
0-2: Ball
1-2: Ball
2-2: Foul Ball, location: 2F
2-2: Foul Ball, location: 2F
2-2: Ball
3-2: Foul Ball, location: 2F
3-2: Strikes out swinging
Batting: LHB George Leary 0-0: Ball
1-0: Ball
Wild Pitch!
Nate Dean to second
2-0: Foul Ball, location: 2F
2-1: Fly out, F9 (Line Drive, 9, EV 93.8 MPH)
Batting: RHB Philip Jansen 0-0: SINGLE (Flyball, 4D, EV 90.6 MPH)
Nate Dean to third
Runner from 3rd tries for Home, throw by RF and OUT! 9-2
Top of the 4th over - 0 runs, 2 hits, 0 errors, 1 left on base; Oakland 0 - California 0
BOTTOM OF THE 4TH
California Angels batting - Pitching for Oakland Athletics : RHP Mike Torres
Batting: LHB Micah Miller 0-0: Foul Ball, location: 2F
0-1: Called Strike
0-2: Strikes out swinging
Batting: RHB Dietmar Warmisch 0-0: Foul Ball, location: 2F
0-1: Foul Ball, location: 2F
0-2: Strikes out swinging
Batting: LHB Jack Bell 0-0: Called Strike
0-1: Ball
1-1: Called Strike
1-2: Strikes out swinging
Bottom of the 4th over - 0 runs, 0 hits, 0 errors, 0 left on base; Oakland 0 - California 0
TOP OF THE 5TH
Oakland Athletics batting - Pitching for California Angels : RHP Angel Marquez
Batting: RHB Justin McQuarter 0-0: Hit by Pitch
Batting: RHB Danny Murillo 0-0: Called Strike
0-1: DOUBLE (Groundball, 5L, EV 104.4 MPH)
Justin McQuarter to third
Batting: SHB Todd Hewitt 0-0: 3-RUN HOME RUN (Flyball, 9D, EV 96.3 MPH), Distance : 372 ft
Batting: RHB Muneo Kawachi 0-0: Ball
1-0: Called Strike
1-1: Swinging Strike
1-2: Ground out 4-3 (Groundball, 13, EV 84.4 MPH)
Batting: SHB Ryan Langlois 0-0: Called Strike
0-1: Ball
1-1: Swinging Strike
1-2: Ball
2-2: Ball
3-2: Ground out 6-3 (Groundball, 56, EV 100.6 MPH)
Batting: LHB Nate Dean 0-0: Ball
1-0: Ball
2-0: Ball
3-0: Foul Ball, location: 2F
3-1: Base on Balls
Batting: LHB Sakae Kasahara 0-0: SINGLE (Line Drive, 7LM, EV 108.1 MPH)
Nate Dean to second
Runner from 2nd tries for 3rd, SAFE, throw by LF made to third
Batting: LHB George Leary 0-0: Fly out, F7 (Flyball, 7, EV 83.1 MPH)
Top of the 5th over - 3 runs, 3 hits, 0 errors, 2 left on base; Oakland 3 - California 0
BOTTOM OF THE 5TH
California Angels batting - Pitching for Oakland Athletics : RHP Mike Torres
Batting: RHB Nick Dunn 0-0: Ball
1-0: Called Strike
1-1: Ball
2-1: Swinging Strike
2-2: Foul Ball, location: 2F
2-2: Foul Ball, location: 2F
2-2: Ground out 5-3 (Groundball, 56, EV 86.3 MPH)
Batting: RHB Gael Jones 0-0: Ball
1-0: Swinging Strike
1-1: Foul Ball, location: 2F
1-2: Ground out U3 (Groundball, 3, EV 108.1 MPH)
Batting: LHB Javier Trujillo 0-0: Called Strike
0-1: Ball
1-1: Ball
2-1: Swinging Strike
2-2: Ball
3-2: Base on Balls
Batting: RHB Alain Delhaye 0-0: Ground out 1-3 (Groundball, 15S, EV 66.3 MPH)
Bottom of the 5th over - 0 runs, 0 hits, 0 errors, 1 left on base; Oakland 3 - California 0
TOP OF THE 6TH
Oakland Athletics batting - Pitching for California Angels : RHP Angel Marquez
Batting: RHB Philip Jansen 0-0: Ball
1-0: Ball
2-0: Ball
3-0: Base on Balls
Batting: RHB Justin McQuarter 0-0: Called Strike
0-1: Ball
1-1: Ball
2-1: Called Strike
2-2: Foul Ball, location: 2F
2-2: 2-RUN HOME RUN (Flyball, 8LXD, EV 102.5 MPH), Distance : 407 ft
Pitching: RHP George Rosario
Batting: RHB Danny Murillo 0-0: Called Strike
0-1: Ball
1-1: Foul Ball, location: 2F
1-2: Strikes out swinging
Batting: SHB Todd Hewitt 0-0: Called Strike
0-1: Ball
1-1: Called Strike
1-2: Strikes out swinging
Batting: RHB Muneo Kawachi 0-0: Called Strike
0-1: Foul Ball, location: 2F
0-2: Ball
1-2: Fly out, F7 (Flyball, 7, EV 93.1 MPH)
Top of the 6th over - 2 runs, 1 hit, 0 errors, 0 left on base; Oakland 5 - California 0
BOTTOM OF THE 6TH
California Angels batting - Pitching for Oakland Athletics : RHP Mike Torres
Batting: LHB Josh Cook 0-0: Called Strike
0-1: Ball
1-1: Swinging Strike
1-2: Strikes out swinging
Batting: RHB Preston Deakyne 0-0: SINGLE (Line Drive, 4MD, EV 98.8 MPH)
Batting: LHB Micah Miller 0-0: Ball
Preston Deakyne steals 2nd base
1-0: Ball
2-0: Called Strike
2-1: Called Strike
2-2: Ground out 4-3 (Groundball, 4, EV 78.1 MPH)
Preston Deakyne to third
Batting: RHB Dietmar Warmisch 0-0: Ball
1-0: Ball
2-0: Ball
3-0: Base on Balls
Batting: LHB Jack Bell Pickoff Throw to First - Out! 1-3
Bottom of the 6th over - 0 runs, 1 hit, 0 errors, 1 left on base; Oakland 5 - California 0
TOP OF THE 7TH
Oakland Athletics batting - Pitching for California Angels : RHP George Rosario
Batting: SHB Ryan Langlois 0-0: Called Strike
0-1: Foul Ball, location: 2F
0-2: Ball
1-2: Ball
2-2: Foul Ball, location: 2F
2-2: Strikes out swinging
Batting: LHB Nate Dean 0-0: Ball
1-0: Ball
2-0: Called Strike
2-1: SINGLE (Flyball, 78S, EV 81.9 MPH)
Pitching: RHP Austin Maki
Batting: LHB Sakae Kasahara 0-0: Foul Ball, location: 2F
0-1: Ball
1-1: Ball
2-1: Called Strike
2-2: Strikes out swinging
Nate Dean is caught stealing 2nd base 2-6
Batter strikes out.
Top of the 7th over - 0 runs, 1 hit, 0 errors, 0 left on base; Oakland 5 - California 0
BOTTOM OF THE 7TH
California Angels batting - Pitching for Oakland Athletics : RHP Mike Torres
Batting: LHB Jack Bell 0-0: Ball
1-0: Foul Ball, location: 2F
1-1: Ball
2-1: Ball
3-1: Foul Ball, location: 2F
3-2: Base on Balls
Batting: RHB Nick Dunn 0-0: Ball
Jack Bell steals 2nd base
1-0: Called Strike
1-1: Called Strike
1-2: Fly out, F8 (Line Drive, 8RM, EV 86.9 MPH)
Batting: RHB Gael Jones 0-0: Called Strike
0-1: Foul Ball, location: 2F
0-2: Ball
1-2: Ball
2-2: Foul Ball, location: 2F
2-2: Ball
3-2: SINGLE (Line Drive, 78S, EV 104.4 MPH)
Jack Bell to third
Batting: LHB Javier Trujillo 0-0: Called Strike
0-1: Ball
1-1: Called Strike
1-2: 3-RUN HOME RUN (Flyball, 7LD, EV 96.9 MPH), Distance : 348 ft
Pitching: RHP Mike Chapman
Batting: RHB Alain Delhaye 0-0: Ball
1-0: Ball
2-0: Foul Ball, location: 2F
2-1: Foul Ball, location: 2F
2-2: Ball
3-2: Foul Ball, location: 2F
3-2: Strikes out swinging
Batting: LHB Josh Cook 0-0: Fly out, F4 (Popup, 4, EV 57.5 MPH)
Bottom of the 7th over - 3 runs, 2 hits, 0 errors, 0 left on base; Oakland 5 - California 3
TOP OF THE 8TH
Oakland Athletics batting - Pitching for California Angels : RHP Austin Maki
Batting: LHB George Leary 0-0: Foul Ball, location: 2F
0-1: Ball
1-1: Foul Ball, location: 2F
1-2: Ball
2-2: Ball
3-2: Ground out 4-3 (Groundball, 4, EV 84.4 MPH)
Batting: RHB Philip Jansen 0-0: Foul Ball, location: 2F
0-1: Ball
1-1: Called Strike
1-2: Foul Ball, location: 2F
1-2: Ball
2-2: Ball
3-2: Foul Ball, location: 2F
3-2: Strikes out swinging
Batting: RHB Justin McQuarter 0-0: SOLO HOME RUN (Flyball, 7D, EV 98.8 MPH), Distance : 384 ft
Batting: RHB Danny Murillo 0-0: Ball
1-0: Called Strike
1-1: Ball
2-1: Fly out, F3 (Popup, 3S, EV 87.5 MPH)
Top of the 8th over - 1 run, 1 hit, 0 errors, 0 left on base; Oakland 6 - California 3
BOTTOM OF THE 8TH
California Angels batting - Pitching for Oakland Athletics : RHP Mike Chapman
Batting: RHB Preston Deakyne 0-0: Called Strike
0-1: Foul Ball, location: 2F
0-2: SINGLE (Groundball, 6M, EV 80.0 MPH) (infield hit)
Batting: LHB Micah Miller 0-0: Ball
1-0: Swinging Strike
1-1: Ball
2-1: Grounds into double play, 4-6-3 (Groundball, 4, EV 76.3 MPH)
Batting: RHB Dietmar Warmisch 0-0: Swinging Strike
0-1: Ball
1-1: Called Strike
1-2: Ball
2-2: Ball
3-2: Base on Balls
Batting: LHB Jack Bell 0-0: Ball
1-0: Ball
2-0: Called Strike
2-1: Ball
3-1: Swinging Strike
3-2: Foul Ball, location: 2F
3-2: Foul Ball, location: 2F
3-2: Strikes out swinging, 2-3 out at first.
Bottom of the 8th over - 0 runs, 1 hit, 0 errors, 1 left on base; Oakland 6 - California 3
TOP OF THE 9TH
Oakland Athletics batting - Pitching for California Angels : RHP Austin Maki
Pitching: RHP Joe Beam
Batting: SHB Todd Hewitt 0-0: Called Strike
0-1: Fly out, F8 (Flyball, 8RM, EV 88.8 MPH)
Batting: RHB Muneo Kawachi 0-0: Ground out 1-3 (Groundball, 34S, EV 66.3 MPH)
Batting: SHB Ryan Langlois 0-0: Swinging Strike
0-1: Swinging Strike
0-2: Ball
1-2: Foul Ball, location: 2F
1-2: Ball
2-2: Ball
3-2: Fly out, F8 (Flyball, 8RXD, EV 100.0 MPH)
Top of the 9th over - 0 runs, 0 hits, 0 errors, 0 left on base; Oakland 6 - California 3
BOTTOM OF THE 9TH
California Angels batting - Pitching for Oakland Athletics : RHP Mike Chapman
Pitching: RHP Kyle Ehret
Batting: RHB Nick Dunn 0-0: Ball
1-0: Called Strike
1-1: Called Strike
1-2: Ball
2-2: Foul Ball, location: 2F
2-2: Foul Ball, location: 2F
2-2: Ball
3-2: Foul Ball, location: 2F
3-2: SINGLE (Flyball, 5D, EV 87.5 MPH)
Batting: RHB Gael Jones 0-0: Called Strike
0-1: Foul Ball, location: 2F
0-2: Grounds into double play, 3-6-3 (Groundball, 34S, EV 86.3 MPH)
Batting: LHB Javier Trujillo 0-0: Ball
1-0: Ground out 4-3 (Groundball, 4MD, EV 106.3 MPH)
Bottom of the 9th over - 0 runs, 1 hit, 0 errors, 0 left on base; Oakland 6 - California 3
Thursday, March 31st , 2022 - OOTP Baseball 22.12 Build 89